AoeStats
← Grey

Arena

504208495Analyzed
1v1 RM · 29d ago on Sep 4, 2026· 46m 17s· 2 players
Game mode
Random Map
Map size
Tiny (2 player)
Population
200
Speed
Normal
Resources
Standard
Victory
Conquest
Starting age
Dark Age
Ending age
Imperial Age
RankedLock teamsTeams togetherTeam positionsShared explorationLock speedFull tech treeHidden civsTurbo modeCheats
Victory
Defeat
🇨🇳 Bohemians · China
859
+17
🇺🇸 Sicilians · United States
886
-32
CT999
9:09 Feudal Age
16:54 Castle Age
15:30 Double-Bit Axe
15:38 Horse Collar
17:51 Bow Saw
19:35 Heavy Plow
24:25 Wheelbarrow
24:06 Fletching
25:35 Hand Cart
27:36 Fervor
30:47 Imperial Age
28:16 Loom
28:57 Bodkin Arrow
30:37 Ballistics
31:23 Chemistry
30:37 Fortified Wall
30:22 Murder Holes
30:08 Treadmill Crane
30:39 Masonry
30:42 Town Watch
32:46 Two-Man Saw
32:08 Conscription
32:01 Guilds
32:39 Town Patrol
32:53 Devotion
33:03 Siege Engineers
33:06 Wagenburg Tactics
33:31 Bracer
33:34 Elite Hussite Wagon
35:15 Architecture
37:51 Bombard Tower
37:13 Sappers
Grey
11:16 Feudal Age
14:50 Wheelbarrow
17:26 Castle Age
15:42 Double-Bit Axe
15:40 Horse Collar
16:30 Bloodlines
23:02 Loom
26:02 Town Watch
26:37 Bow Saw
29:36 Imperial Age
27:32 Masonry
28:47 Hand Cart
29:14 Heavy Plow
29:18 Scale Mail Armor
29:31 Forging
29:57 Pikeman
30:38 Squires
30:25 Arson
30:58 Chain Mail Armor
31:06 Conscription
31:10 Ballistics
31:48 Iron Casting
31:23 Husbandry
30:45 Cavalier
32:29 Chemistry
32:19 First Crusade
32:20 Town Patrol
32:58 Plate Mail Armor
32:33 Scale Barding Armor
32:09 Capped Ram
33:11 Hauberk
35:19 Blast Furnace
34:51 Gold Mining
34:51 Stone Mining
34:37 Siege Ram
37:21 Fletching
37:52 Chain Barding Armor
38:11 Hoardings
37:35 Murder Holes
39:47 Elite Skirmisher
43:07 Gold Shaft Mining
43:08 Stone Shaft Mining
44:16 Onager
45:22 Padded Archer Armor
Connection lost

Rejoining the realm…

Still unreachable

The connection could not be restored.

Session expired

The server has moved on; the page needs a fresh start.